 Dungeon Crawl Stone Soup version 0.25-a0-668-gea548f19b6 (webtiles) character file.

Game seed: 9052725809244032892, levelgen mode: deterministic

111 Alarkh the Ruffian (level 4, 22/35 HPs)
             Began as a Demonspawn Fighter on Mar 28, 2020.
             Got out of the dungeon alive.
             The game lasted 00:01:11 (580 turns).

Alarkh the Ruffian (Demonspawn Fighter)              Turns: 580, Time: 00:01:12

Health: 22/35      AC:  4    Str: 17    XL:     4   Next: 62%
Magic:  4/4        EV:  8    Int: 10    God:
Gold:   21         SH:  8    Dex: 12    Spells: 3/3 levels left

rFire    . . .     SeeInvis .     - Unarmed
rCold    . . .     Gourm    .   b - +0 kite shield
rNeg     . . .     Faith    .   a - +0 scale mail
rPois    .         Spirit   .   (no helmet)
rElec    .         Reflect  .   (no cloak)
rCorr    .         Harm     .   (no gloves)
MR       .....                  (no boots)
Stlth    ..........             (no amulet)
HPRegen  0.11/turn              f - +2 ring of protection
MPRegen  0.09/turn              (no ring)

@: mighty, corroded
A: repulsion field 1, powered by pain 1, rot immunity
a: no special abilities


You escaped.
You were not hungry.

You visited 1 branch of the dungeon, and saw 1 of its levels.

You collected 21 gold pieces.

Inventory:

Armour
 a - a +0 scale mail (worn)
 b - a +0 kite shield (worn)
Jewellery
 f - a +2 ring of protection (left hand)
Scrolls
 g - a scroll of teleportation {unknown}
 i - a scroll of immolation {unknown}
 j - 2 scrolls of blinking {unknown}
 k - a scroll of remove curse {unknown}
 l - a scroll of fog {unknown}
Potions
 e - a potion of curing
Comestibles
 d - 2 rations
 h - 2 chunks of flesh


   Skills:
 - Level 3.0 Fighting
 - Level 2.6 Armour
 - Level 2.6 Shields
 + Level 4.5 Unarmed Combat


You had 3 spell levels left.
You didn't know any spells.
Your spell library was empty.

Dungeon Overview and Level Annotations

Branches:
Dungeon (1/15)

Altars:


Innate Abilities, Weirdness & Mutations

You are surrounded by a mild repulsion field. (EV +2)
You sometimes gain a little power by taking damage.
You are immune to rotting.


Message History

The jelly is severely wounded.
You block the jelly's attack.
You hit the jelly.
You kill the jelly!
Your shield and scale mail prevent you from hitting the ooze.
The ooze hits you but does no damage.
You hit the ooze.
The ooze is heavily wounded.
The ooze hits you but does no damage.
You hit the ooze.
The ooze is almost dead.
The ooze hits you.
You hit the ooze.
You kill the ooze!
There is an open translucent door here.
Items here: †††† a rat corpse x2; a giant cockroach corpse; a jackal corpse
There is a staircase leading out of the dungeon here.
Are you sure you want to leave the Dungeon?
This will make you lose the game!
You have escaped!

..........# #
###############.# #####
#.............#.####...#
#.............#..#......
#.............#.........
#######†#######.##..[...
#.............#.####...#
+⌠....###....⌠'.# #...#
#......@......#.# #...#
#..⌠...>...⌠..#.# #...#
###+#######+###.. ....#
...####### ...# ####


There were no monsters in sight!

Vanquished Creatures
  2 jellies (D:1)
  4 oozes (D:1)
  2 dart slugs (D:1)
  A leopard gecko (D:1)
  A ball python (D:1)
  2 giant cockroaches (D:1)
  A hobgoblin (D:1)
  6 jackals (D:1)
  5 bats (D:1)
  2 frilled lizards (D:1)
  A goblin (D:1)
  A kobold (D:1)
  5 rats (D:1)
33 creatures vanquished.

Notes
Turn   | Place    | Note
-------+----------+-------------------------------------------
     0 | D:1      | Alarkh the Demonspawn Fighter began the quest for the Orb.
     0 | D:1      | Reached XP level 1. HP: 18/18 MP: 1/1
     0 | D:1      | Noticed a jelly
     1 | D:1      | Found a runed translucent door.
     3 | D:1      | Noticed a jelly
    28 | D:1      | Reached skill level 2 in Unarmed Combat
    95 | D:1      | Gained mutation: You are surrounded by a mild repulsion
                  | field. (EV +2) [demonic ancestry]
    95 | D:1      | Reached XP level 2. HP: 14/24 MP: 2/2
   274 | D:1      | Reached skill level 3 in Unarmed Combat
   437 | D:1      | Gained mutation: You are immune to rotting. [demonic
                  | ancestry]
   437 | D:1      | Reached XP level 3. HP: 20/29 MP: 3/3
   561 | D:1      | Reached skill level 4 in Unarmed Combat
   561 | D:1      | Gained mutation: You sometimes gain a little power by
                  | taking damage. [demonic ancestry]
   561 | D:1      | Reached XP level 4. HP: 29/35 MP: 4/4
   580 | D:$      | Got out of the dungeon alive.

Levels and vault maps discovered:
D:1:      dpeg_arrival_caged_fury, layout_basic

Skill      XL: |  1  2  3 |
---------------+----------+-----
Unarmed Combat | 2 3 4 |  4.5
Fighting       | |  3.0
Armour         | |  2.6
Shields        | |  2.6

Action                   |  1- 3 |  4- 6 || total
-------------------------+-------+-------++-------
Melee: Unarmed           |   118 |    12 ||   130
  Use: Potion            |     2 |       ||     2
Armor: Scale mail        |    73 |     2 ||    75
Dodge: Dodged            |    49 |       ||    49
Block: Kite shield       |    78 |     3 ||    81

Table legend:
 A = Non-vault XP
 B = Vault XP
 C = Vault XP percentage of total XP
 D = Non-vault monster count
 E = Vault monster count
 F = Vault count percentage of total count
                 A         B        C        D         E       F
            +---------+---------+-------+---------+---------+-------
      Total |      42 |     117 |  73.6 |      21 |      12 |  36.4
            +---------+---------+-------+---------+---------+-------
        D:1 |      42 |     117 |  73.6 |      21 |      12 |  36.4
            +---------+---------+-------+---------+---------+-------
